 Dungeon Crawl Stone Soup version 0.19.5 (webtiles) character file.

136 Kurtz the Ruffian (level 4, -7/35 HPs)
             Began as a Mummy Monk on June 1, 2018.
             Mangled by an ogre
             ... wielding a +0 giant club
              (12 damage)
             ... on level 4 of the Dungeon.
             The game lasted 00:03:11 (3176 turns).

Kurtz the Ruffian (Mummy Monk)                      Turns: 3176, Time: 00:03:11

Health: -7/35      AC:  3    Str: 15    XL:     4   Next: 98%
Magic:  4/4        EV: 13    Int:  9    God:
Gold:   162        SH:  0    Dex: 14    Spells: 0 memorised, 3 levels left

rFire  x . .     SeeInvis +       - Unarmed
rCold  + . .     Gourm    .     (no armour)
rNeg   + + +     Faith    .     (no shield)
rPois  ∞         Spirit   .     (no helmet)
rElec  .         Reflect  .     h - +1 cloak
rCorr  .         Harm     .     (no gloves)
MR     .....                    b - +0 pair of boots
Stlth  +++.......               (no amulet)
                                m - ring of stealth
                                k - ring of see invisible

@: no status effects
A: no food or potions, fire vulnerability, cold resistance 1, negative energy
resistance 3, torment resistance, unbreathing
a: no special abilities


You were on level 4 of the Dungeon.
You were not hungry.

You visited 1 branch of the dungeon, and saw 4 of its levels.

You collected 162 gold pieces.

Inventory:

Armour
 b - a +0 pair of boots (worn)
 h - a +1 cloak (worn)
Jewellery
 k - a ring of see invisible (left hand)
 m - a ring of stealth (right hand)
Scrolls
 a - 3 scrolls of fear {unknown}
 c - a scroll of noise {unknown}
 d - a scroll of remove curse {unknown}
 e - 4 scrolls of magic mapping {unknown}
 f - 2 scrolls of immolation {unknown}
 g - a scroll of teleportation {unknown}
 i - a scroll of amnesia {unknown}
 j - a scroll of recharging {unknown}
 l - a scroll of blinking {unknown}


   Skills:
 - Level 3.0 Fighting
 - Level 2.4 Dodging
 - Level 1.5 Stealth
 * Level 4.7 Unarmed Combat


You had 3 spell levels left.
You didn't know any spells.

Dungeon Overview and Level Annotations

Branches:
Dungeon (4/15)
 Temple: D:4-7

Altars:
Qazlal

Annotations:
D:3 !centar


Innate Abilities, Weirdness & Mutations

You do not eat or drink.
Your flesh is vulnerable to fire.
You are immune to poison.
Your flesh is cold resistant. (rC+)
You are immune to negative energy. (rN+++)
You are immune to unholy pain and torment.
You can survive without breathing.


Message History

The ogre closely misses you.
You barely miss the ogre.
The ogre is heavily wounded.
The ogre hits you with a giant club.
You hit the ogre but do no damage.
The ogre is moderately wounded.
You hit the ogre. Your punch misses the ogre.
The ogre is heavily wounded.
The ogre hits you with a giant club!
* * * LOW HITPOINT WARNING * * *
You hit the ogre.
The ogre is severely wounded.
The ogre hits you with a giant club.
* * * LOW HITPOINT WARNING * * *
You hit the ogre.
The ogre is severely wounded.
You hit the ogre.
The ogre is severely wounded.
The ogre hits you with a giant club!
You die...

#.. .#.# #..#.#.# #......#
...... #########.... # .. #.....
.....#.# #.##....## #.....###
#........###.@# ..
...........#.O##.#
#........#.#.....# .#
#....##.##.#### .# #..........#
##.## ####.##.##.# #...#
##########.##.##.# #...#
#.......##....##.# #...######
#.......##.#####.######.........


You could see an ogre.

Vanquished Creatures
  6 adders
  An ooze (D:1)
  4 worms
  3 dart slugs
  A leopard gecko (D:2)
  An orc (D:4)
  3 ball pythons (D:1)
  5 giant cockroaches
  6 goblins
  6 hobgoblins
  8 jackals
  A quokka (D:2)
  6 bats
  3 frilled lizards
  2 kobolds
  3 rats
59 creatures vanquished.

Notes
Turn   | Place    | Note
-------+----------+-------------------------------------------
     0 | D:1      | Kurtz the Mummy Monk began the quest for the Orb.
     0 | D:1      | Reached XP level 1. HP: 18/18 MP: 1/1
   100 | D:1      | Reached XP level 2. HP: 14/24 MP: 2/2
   131 | D:1      | Reached skill level 3 in Unarmed Combat
   766 | D:1      | Reached XP level 3. HP: 26/29 MP: 3/3
  1433 | D:2      | Reached skill level 4 in Unarmed Combat
  1458 | D:2      | Found a faded altar of an unknown god.
  1677 | D:2      | Reached XP level 4. HP: 27/35 MP: 4/4
  2830 | D:3      | Noticed a centaur
  2996 | D:4      | Found a stormy altar of Qazlal.
  3010 | D:4      | Noticed an ogre
  3176 | D:4      | Mangled by an ogre

Skill      XL: |  1  2  3 |
---------------+----------+-----
Unarmed Combat | 3 4 |  4.7
Fighting       | |  3.0
Dodging        | |  2.4
Stealth        | |  1.5

Action                   |  1- 3 |  4- 6 || total
-------------------------+-------+-------++-------
Melee: Unarmed           |   141 |   105 ||   246
       Punch             |     3 |     1 ||     4
 Stab: Sleeping          |     4 |     1 ||     5
Armor: Skin              |    18 |    15 ||    33
Dodge: Dodged            |    85 |    55 ||   140
